 Dungeon Crawl Stone Soup version 0.32-a0-314-g526f7d4993 (webtiles) character file.

Game seed: 14415274990718320132

64 retardedninja the Covered (level 3, -1/33 HPs)
             Began as a Mountain Dwarf Fighter on Feb 15, 2024.
             Slain by Sigmund
             ... wielding a +0 scythe
              (4 damage)
             ... on level 2 of the Dungeon.
             The game lasted 00:01:17 (890 turns).

retardedninja the Covered (Mountain Dwarf Fighter)   Turns: 890, Time: 00:01:19

Health: -1/33      AC:  7    Str: 20    XL:     3   Next: 91%
Magic:  3/3        EV:  9    Int:  8    God:
Gold:   37         SH:  4    Dex:  9    Spells: 2/2 levels left

rFire   . . .        a - +0 war axe
rCold   . . .        c - +0 buckler
rNeg    . . .        b - +0 scale mail
rPois   .            (no helmet)
rElec   .            (no cloak)
rCorr   .            (no gloves)
SInv    .            (no boots)
Will    .....        (no amulet) Stlth
                     (no ring)
HPRegen 0.25/turn    (no ring)
MPRegen 0.08/turn

%: no passive effects
@: mighty, very slow
A: runic magic, artefact enchanting
a: no special abilities


You were on level 2 of the Dungeon.
You visited 1 branch of the dungeon, and saw 2 of its levels.

You collected 37 gold pieces.

Inventory:

Hand Weapons
 a - a +0 war axe (weapon)
Armour
 b - a +0 scale mail (worn)
 c - a +0 buckler (worn)
 h - a +0 pair of gloves
 j - a +0 helmet
Scrolls
 e - 2 scrolls of fog {unknown}
 i - a scroll of vulnerability {unknown}
 k - 2 scrolls of identify {unknown}
Potions
 f - a potion of ambrosia {unknown}
 g - a potion of berserk rage {unknown}


   Skills:
 + Level 3.9 Fighting
 + Level 3.3 Axes
 + Level 3.9 Armour
 + Level 3.8 Shields


You had 2 spell levels left.
You didn't know any spells.
Your spell library contained the following spells:

 Spells                   Type           Power      Damage    Failure   Level
 Ensorcelled Hibernation  Hex/Ice        0%         N/A       71%         2
 Fugue of the Fallen      Necr           0%         N/A       90%         3
 Anguish                  Hex/Necr       0%         N/A       100%        4


Dungeon Overview and Level Annotations

Branches:
Dungeon (2/15)

Altars:

Annotations:
D:2 Sigmund


Innate Abilities, Weirdness & Mutations

Your spellcasting is much less encumbered by armour.
You can use scrolls of enchantment on lesser artefacts.


Message History

HP restored.
Key pressed, stopping explore.
No target in view!
Unknown command.
No target in view!
No target in view!
k - 2 scrolls labelled DOMPEO XENE (gained 1)
You now have 37 gold pieces (gained 16).
Sigmund the Dreaded comes into view.
He is wielding a +0 scythe.
Sigmund is nearby!
Sigmund is nearby!
Sigmund is nearby!
Sigmund is nearby!
Sigmund shouts!
You hear a shout!
Sigmund casts a spell at you.
The puff of flame hits you but does no damage.
Sigmund giggles. "Time to reap what you sow."
You see here 5 large rocks.
Sigmund casts a spell at you. The puff of flame hits you!
You enter the shallow water.
Moving in this stuff is going to be slow.
Sigmund casts a spell.
Sigmund flickers and vanishes!
Deactivating autopickup; reactivate with Ctrl-A.
You miss something. Something hits you but does no damage.
You closely miss something. Something hits you.
Your unstable footing causes you to fumble your attack.
Something hits you.
You feel very mighty all of a sudden. Something hits you.
You slash something! Something hits you.
You miss something.
You hear some strange, mumbled words.
Something tries to affect you, but you resist.
Your unstable footing causes you to fumble your attack.
Something hits you!
* * * LOW HITPOINT WARNING * * *
You closely miss something. Something hits you.
You die...

....#.# ##.## #≈##
....#.# #...# ##≈≈≈#
....#.# #...####≈≈≈≈# .
...##.# #...+..#≈≈≈≈# ..
...†..###...##.#≈.~≈#..~
...............#~~~≈~~.~
......###...#.†~~≈≈~≈~~~
.....).>.......(.≈~≈.~~~
.........##.#.#.@.~~~~~~
.<#......##.#.##{~..~...
###########.#.....?.#...
..#####.#.# .. .#. .#.#
#. . ## . .. . . ..


There were no monsters in sight!

Vanquished Creatures
  A ribbon worm (D:2)
  2 dart slugs (D:1)
  3 ball pythons
  4 endoplasms
  4 giant cockroaches (D:1)
  2 goblins
  2 hobgoblins
  3 jackals (D:2)
  3 kobolds (D:1)
  2 bats (D:1)
  3 frilled lizards
  3 rats
32 creatures vanquished.

Notes
Turn   | Place    | Note
-------+----------+-------------------------------------------
     0 | D:1      | retardedninja the Mountain Dwarf Fighter began the quest
                  | for the Orb.
     0 | D:1      | Reached XP level 1. HP: 19/19 MP: 1/1
   229 | D:1      | Reached XP level 2. HP: 22/26 MP: 2/2
   411 | D:1      | Reached XP level 3. HP: 26/33 MP: 3/3
   877 | D:2      | Noticed Sigmund
   890 | D:2      | Slain by Sigmund

Illustrated notes

Levels and vault maps discovered:
D:1:      matt_arrival_spirals, layout_loops_ring, serial_bayou_lake_a
D:2:      layout_basic, chequers_serial_rivers_large_a, uniq_sigmund

Skill      XL: |  1  2 |
---------------+-------+-----
Axes           | 3 |  3.3
Fighting       | |  3.9
Armour         | |  3.9
Shields        | |  3.8

Action                     || total
---------------------------++-------
  Melee: War axe           ||    93
    Use: Potion            ||     1
 Armour: Scale mail        ||    70
  Dodge: Dodged            ||    30
  Block: Buckler           ||    21

Table legend: (Time is in decaauts)
 A = Elapsed time spent in this place.
 B = Non-inter-level travel time spent in this place.
 C = Inter-level travel time spent in this place.
 D = Time resting spent in this place.
 E = Time spent auto-exploring this place.
 F = Levels seen in this place.
 G = Mean time per level.
                   A        B        C        D        E       F      G
               +--------+--------+--------+--------+--------+-----+--------+
         Total |    960 |    923 |     37 |      0 |    697 |   2 |  480.0 |
       Dungeon |    960 |    923 |     37 |      0 |    697 |   2 |  480.0 |
               +--------+--------+--------+--------+--------+-----+--------+

Top non-repeatable levels by time:
     D:1: 870 daAuts
     D:2: 89 daAuts
